 Dungeon Crawl Stone Soup version 0.30.0-5-g1a98f26d00 (webtiles) character file.

Game seed: 474769100476484544

6636 Edyrem the Impaler (level 11, -2/97 HPs)
             Began as a Merfolk Gladiator on May 10, 2023.
             Was a Follower of the Shining One.
             Slain by a ten-headed hydra (9 damage)
             ... on level 9 of the Dungeon.
             The game lasted 00:20:20 (7096 turns).

Edyrem the Impaler (Merfolk Gladiator)              Turns: 7096, Time: 00:20:21

Health: -2/97      AC: 13    Str: 24    XL:     11   Next: 2%
Magic:  8/11       EV: 14    Int:  9    God:    the Shining One [*.....]
Gold:   294        SH:  6    Dex: 21    Spells: 10/10 levels left

rFire   . . .        M - +8 spear of the Hairy God {spect, Stlth+}
rCold   . . .        (no shield)
rNeg    . . .        O - +0 acid dragon scales
rPois   .            c - +1 helmet
rElec   .            D - +0 cloak
rCorr   +            j - +2 pair of gloves
SInv    .            o - +0 pair of boots
Will    .....        (no amulet)
Stlth   +            g - +6 ring of dexterity
HPRegen 0.36/turn    L - +6 ring of strength
MPRegen 0.12/turn

%: no passive effects
@: divinely shielded, glowing
A: (nimble swimmer 2), mertail
a: Renounce Religion, Divine Shield


You were on level 9 of the Dungeon.
You worshipped the Shining One.
The Shining One was aware of your devotion.
You visited 2 branches of the dungeon, and saw 10 of its levels.

You collected 566 gold pieces.
You spent 272 gold pieces at shops.

Inventory:

Hand Weapons
 a - a +2 glaive of venom
 E - the +9 hammer of the Gnashing Madman {elec, rC- Will++ Int+8 Dex-3 Stlth+}
   (You found it on level 4 of the Dungeon)

   Int:       It affects your intelligence (+8).
   Dex:       It affects your dexterity (-3).
   rC:        It makes you vulnerable to cold.
   Will:      It greatly increases your willpower.
   Stlth:     It makes you more stealthy.
 M - the +8 spear of the Hairy God (weapon) {spect, Stlth+}
   (You found it on level 8 of the Dungeon)

   Stlth:     It makes you more stealthy.
 Q - the +4 trident "Qaokuot" {antimagic, rElec rPois}
   (You bought it in a shop on level 9 of the Dungeon)

   rElec:     It insulates you from electricity.
   rPois:     It protects you from poison.
Missiles
 d - 4 throwing nets
 e - a javelin
 f - 23 poisoned darts (quivered)
 B - 8 boomerangs
Armour
 b - a +0 kite shield
 c - a +1 helmet (worn)
 j - a +2 pair of gloves (worn)
 o - a +0 pair of boots (worn)
 D - a +0 cloak (worn)
 F - a +0 plate armour
 O - +0 acid dragon scales (worn)
Jewellery
 g - a +6 ring of dexterity (left hand)
 x - a ring of flight
 L - a +6 ring of strength (right hand)
 P - an amulet of guardian spirit
Wands
 G - a wand of flame (9)
 N - a wand of paralysis (14)
Scrolls
 k - a scroll of enchant armour
 p - 10 scrolls of identify {@r1}
 q - 2 scrolls of butterflies {unknown}
 t - 4 scrolls of teleportation {unknown}
 u - 6 scrolls of noise {unknown}
 C - a scroll of poison {unknown}
 J - a scroll of enchant weapon {unknown}
 K - 2 scrolls of amnesia
Potions
 h - a potion of ambrosia {unknown}
 i - 7 potions of curing {@q2}
 m - 3 potions of heal wounds {unknown}
 n - 2 potions of mutation {unknown}
 r - a potion of might {unknown}
 v - 2 potions of berserk rage {unknown}
 w - 4 potions of lignification {unknown}
 z - 3 potions of brilliance {unknown}
 A - a potion of degeneration {unknown}
 H - 3 potions of cancellation {unknown}
 I - a potion of resistance


   Skills:
 + Level 12.8 Fighting
 + Level 15.3 Polearms
 - Level 2.0 Throwing
 - Level 4.0 Dodging


You had 10 spell levels left.
You didn't know any spells.
Your spell library contained the following spells:

 Spells                   Type           Power      Damage    Failure   Level
 Apportation              Tloc           0%         N/A       45%         1
 Necrotise                Necr           0%         1d4       45%         1
 Sting                    Tmut/Pois      0%         1d3       45%         1
 Summon Small Mammal      Summ           0%         N/A       45%         1
 Blink                    Tloc           0%         N/A       61%         2
 Poisonous Vapours        Pois/Air       0%         N/A       61%         2
 Dazzling Flash           Conj/Hex       0%         N/A       83%         3
 Tukima's Dance           Hex            0%         N/A       83%         3
 Volatile Blastmotes      Fire/Tloc      0%         2d10      83%         3
 Iskenderun's Mystic Bla  Conj/Tloc      0%         2d3       99%         4
 Manifold Assault         Tloc           0%         N/A       99%         4
 Olgreb's Toxic Radiance  Pois           0%         N/A       99%         4
 Passage of Golubria      Tloc           0%         N/A       99%         4
 Alistair's Intoxication  Tmut/Pois      0%         N/A       100%        5
 Borgnjor's Vile Clutch   Necr/Erth      0%         N/A       100%        5
 Yara's Violent Unravell  Hex/Tmut       0%         3d3       100%        5
 Eringya's Noxious Bog    Tmut/Pois      0%         N/A       100%        6
 Starburst                Conj/Fire      0%         6d3       100%        6
 Storm Form               Tmut/Air       0%         N/A       100%        7


Dungeon Overview and Level Annotations

Branches:
Dungeon (9/15)             Temple (1/1) D:4
   Lair: D:8-11         Orc: D:9-12

Altars:
Ashenzari
Cheibriados
Dithmenos
Elyvilon
Fedhas
Gozag
Hepliaklqana
Kikubaaqudgha
Makhleb
Nemelex Xobeh
Okawaru
Qazlal
Ru
Sif Muna
Uskayaw
Vehumet
Wu Jian
Xom
Yredelemnul
Zin
The Shining One

Shops:
D:9 (


Innate Abilities, Weirdness & Mutations

((You are very nimble when in or above water. (Stealth+, EV+, Speed+++)))
Your lower body shifts to a powerful aquatic tail in water.


Message History

The ten-headed hydra bites you but does no damage.
The ten-headed hydra barely misses you. The ten-headed hydra bites you.
The ten-headed hydra barely misses you.
The ten-headed hydra bites you but does no damage.
The ten-headed hydra bites you.
Your +2 glaive of venom stops dripping with poison.
You feel a bond with the +8 spear of the Hairy God {spect, Stlth+}.
M - the +8 spear of the Hairy God (weapon)
{spect, Stlth+} The ten-headed hydra barely misses you.
The ten-headed hydra closely misses you.
The ten-headed hydra completely misses you.
The ten-headed hydra bites you but does no damage.
The ten-headed hydra bites you! x2; The ten-headed hydra misses you.
The ten-headed hydra bites you.
* * * LOW HITPOINT WARNING * * *
The ten-headed hydra bites you.
* * * LOW HITPOINT WARNING * * *
The ten-headed hydra bites you.
* * * LOW HITPOINT WARNING * * *
A divine shield forms around you! The ten-headed hydra bites you.
* * * LOW HITPOINT WARNING * * *
The ten-headed hydra closely misses you.
The ten-headed hydra barely misses you.
You block the ten-headed hydra's attack.
The ten-headed hydra bites you but does no damage.
The ten-headed hydra misses you.
The ten-headed hydra closely misses you.
You block the ten-headed hydra's attack.
The ten-headed hydra bites you!
* * * LOW HITPOINT WARNING * * *
The ten-headed hydra bites you but does no damage.
You puncture the ten-headed hydra!
The ten-headed hydra is heavily wounded.
Your +8 spear of the Hairy God {spect, Stlth+} hits the ten-headed hydra!
You hit the ten-headed hydra.
The ten-headed hydra is severely wounded.
Your +8 spear of the Hairy God {spect, Stlth+} hits the ten-headed hydra!
The ten-headed hydra closely misses you.
The ten-headed hydra bites you!
You die...

##### ########.#.#
...........# ###
########.#.### #.#
#..........##########.#
#.####)#............#.#
#.# #)..##########.#.#
#.# #.#.#..#(.#..#.#.#
#<# #[#.#..'.@D$.#...#
#.# #...##)####+##.#.#
########.#.#..# #.#.#
........>#.#.)# #.#.#
########...##'#######.#.#
#.#.#..'..'..#...#
########.#.#..#..#..'...#
P........#.##########.#.#
.8.......#.. ...........#


You could see a ten-headed hydra (very poisoned) and a friendly +8 spear of the
Hairy God {spect, Stlth+}.

Vanquished Creatures
  An ogre mage (D:9)
  Pikel (D:4)
  A deep elf pyromancer (D:9)
  A rime drake (shapeshifter) (D:9)
  2 unseen horror zombies (D:9)
  A hornet (D:6)
  Sigmund (D:6)
  4 yaks
  A fire bat (D:6)
  2 wyverns (D:8)
  A steam dragon (D:8)
  Edmund (D:4)
  A water moccasin (D:7)
  An acid dragon (D:8)
  An orc warrior (D:9)
  A sky beast (D:6)
  The ghost of bobo the Poker, an amateur GnRe of Nemelex Xobeh (D:3)
  4 ogres
  3 centaurs
  A lemure (D:4)
  3 phantoms
  2 bullfrogs
  A gnoll sergeant (D:8)
  4 scorpions
  2 kobold brigands (D:9)
  2 wights (D:9)
  A howler monkey (D:5)
  A centaur zombie (D:9)
  4 orc priests
  Crazy Yiuf (D:4)
  A sleepcap (D:5)
  3 hounds
  Terence (D:2)
  4 iguanas
  7 orc wizards
  A howler monkey zombie (D:9)
  7 adders
  3 gnolls
  4 white imps
  An ufetubus (D:7)
  A worm (D:3)
  2 dart slugs
  20 orcs
  4 ball pythons
  5 bats
  6 endoplasms
  4 giant cockroaches
  4 goblins
  3 hobgoblins
  11 jackals
  3 quokkas
  2 frilled lizards
  26 kobolds
  3 rats
177 creatures vanquished.

Notes
Turn   | Place    | Note
-------+----------+-------------------------------------------
     0 | D:1      | Edyrem the Merfolk Gladiator began the quest for the Orb.
     0 | D:1      | Reached XP level 1. HP: 16/16 MP: 1/1
     1 | D:1      | Noticed an electric eel
   206 | D:1      | Reached XP level 2. HP: 23/23 MP: 2/2
   560 | D:1      | Reached XP level 3. HP: 29/29 MP: 3/3
   884 | D:2      | Noticed Terence
   898 | D:2      | Killed Terence
   899 | D:2      | Reached skill level 5 in Polearms
  1170 | D:2      | Reached XP level 4. HP: 27/37 MP: 4/4
  1888 | D:3      | Found a large runed translucent door.
  1890 | D:3      | Found a large runed translucent door.
  1895 | D:3      | Noticed bobo's ghost (amateur GnRe)
  2059 | D:3      | Reached XP level 5. HP: 37/42 MP: 5/5
  2175 | D:3      | Found a blossoming altar of Fedhas.
  2344 | D:3      | Identified a scroll of acquirement
  2344 | D:3      | Acquired a +2 glaive of venom
  2358 | D:3      | Killed bobo's ghost
  2359 | D:3      | Reached skill level 5 in Fighting
  2359 | D:3      | Reached skill level 6 in Polearms
  2359 | D:3      | Reached XP level 6. HP: 28/51 MP: 6/6
  2526 | D:4      | Noticed Edmund
  2537 | D:4      | Killed Edmund
  2538 | D:4      | Reached skill level 7 in Polearms
  2544 | D:4      | Reached XP level 7. HP: 34/57 MP: 7/7
  2639 | D:4      | Found a staircase to the Ecumenical Temple.
  2648 | Temple   | Entered the Ecumenical Temple
  2684 | D:4      | Reached skill level 8 in Polearms
  2789 | D:4      | Noticed Pikel
  2799 | D:4      | Killed Pikel
  2800 | D:4      | Reached skill level 9 in Polearms
  2800 | D:4      | Reached XP level 8. HP: 51/67 MP: 8/8
  3298 | D:4      | Found a runed translucent door.
  3299 | D:4      | Noticed Crazy Yiuf
  3303 | D:4      | Killed Crazy Yiuf
  3312 | D:4      | Identified the +9 hammer of the Gnashing Madman {elec, rC-
                  | Will++ Int+8 Dex-3 Stlth+}
  3494 | D:5      | Entered Level 5 of the Dungeon
  3584 | D:5      | Found a white marble altar of Elyvilon.
  3593 | D:5      | Became a worshipper of Elyvilon the Healer
  3811 | D:5      | Found a sacrificial altar of Ru.
  3825 | D:5      | Found a broken altar of Ashenzari.
  3825 | D:5      | Found an opulent altar of Gozag.
  3825 | D:5      | Found a glowing golden altar of the Shining One.
  3826 | D:5      | Found an iron altar of Okawaru.
  3826 | D:5      | Found a shimmering altar of Xom.
  3831 | D:5      | Found a sparkling altar of Nemelex Xobeh.
  3831 | D:5      | Found a basalt altar of Yredelemnul.
  3831 | D:5      | Found a hazy altar of Hepliaklqana.
  3833 | D:5      | Found an ornate altar of the Wu Jian Council.
  3833 | D:5      | Found a glowing silver altar of Zin.
  3833 | D:5      | Found a hide-covered altar of Uskayaw.
  3837 | D:5      | Fell from the grace of Elyvilon
  3837 | D:5      | Became a worshipper of the Shining One
  3852 | D:5      | Reached skill level 10 in Polearms
  4391 | D:6      | Noticed a hornet
  4401 | D:6      | Killed a hornet
  4402 | D:6      | Reached skill level 11 in Polearms
  4402 | D:6      | Reached XP level 9. HP: 76/76 MP: 9/9
  4431 | D:6      | Noticed Sigmund
  4444 | D:6      | Killed Sigmund
  4597 | D:6      | Reached skill level 12 in Polearms
  4603 | D:6      | Reached skill level 10 in Fighting
  4912 | D:6      | Reached skill level 13 in Polearms
  4920 | D:6      | Found a transporter.
  5067 | D:6      | Reached XP level 10. HP: 86/86 MP: 10/10
  5069 | D:6      | Found a transporter.
  5693 | D:7      | Found a shimmering blue altar of Sif Muna.
  5710 | D:8      | Identified the +8 spear of the Hairy God {spect, Stlth+}
  6446 | D:9      | Reached * piety under the Shining One
  6457 | D:9      | Reached skill level 14 in Polearms
  6656 | D:9      | Found Bylon's Antique Weapon Shop.
  6659 | D:9      | Bought a twisted trident for 272 gold pieces
  6659 | D:9      | Identified the +4 trident "Qaokuot" {antimagic, rElec
                  | rPois} (You bought it in a shop on level 9 of the Dungeon)
  6943 | D:9      | Found a runed translucent door.
  6950 | D:9      | Noticed an ogre mage
  6958 | D:9      | Paralysed by an ogre mage for 2 turns
  6960 | D:9      | Killed an ogre mage
  6961 | D:9      | Reached skill level 15 in Polearms
  7028 | D:9      | Noticed a deep elf pyromancer
  7031 | D:9      | Killed a deep elf pyromancer
  7032 | D:9      | Reached XP level 11. HP: 77/97 MP: 11/11
  7090 | D:9      | Noticed an eight-headed hydra
  7096 | D:9      | Slain by a ten-headed hydra

Illustrated notes

Levels and vault maps discovered:
D:1:      arrival_aquarium_a, layout_basic, kennysheep_flooded_box
D:2:      minmay_kobold_bridge, layout_basic, hangedman_decor_peaks_small,
          minmay_misc_feat_nine_boxes, uniq_terence
D:3:      layout_basic, fedhas_altar_1, ebering_ghost_disaster_area,
          kennysheep_nub, minmay_misc_feat_plants
D:4:      layout_basic, minmay_temple_entry_mini_moons, uniq_crazy_yiuf_cottage,
          uniq_pikel, uniq_edmund
D:5:      layout_loops_ring, elyvilon_altar_3, nicolae_overflows_in_rows
D:6:      gammafunk_cloud_chamber, layout_basic, st_stairs_3, uniq_sigmund
D:7:      layout_rooms, tgw_sif
D:8:      layout_gridville
D:9:      layout_basic, serial_shops, nicolae_shop_real_fake_doors,
          serial_undead, serial_undead_b, serial_undead_e, serial_undead_b,
          serial_undead_a, minivault_13
Temple:   hellmonk_temple_micro_hex

Skill      XL: |  1  2  3  4  5  6  7  8  9 10 |
---------------+-------------------------------+-----
Fighting       | 3 4 5 7 9 10 12 | 12.8
Polearms       | 5 6 7 9 11 13 15 | 15.3
Throwing       | |  2.0
Dodging        | |  4.0

Action                     |  1- 3 |  4- 6 |  7- 9 | 10-12 || total
---------------------------+-------+-------+-------+-------++-------
  Melee: Trident           |   108 |   107 |       |       ||   215
         Punch             |       |     2 |       |       ||     2
         Glaive            |       |    33 |   163 |   116 ||   312
         Spear             |       |       |       |     2 ||     2
  Throw: Dart              |       |       |     3 |       ||     3
 Invoke: Divine Shield     |       |       |       |     1 ||     1
  Evoke: Wand              |       |       |     1 |       ||     1
    Use: Scroll            |       |     4 |       |       ||     4
   Stab: Sleeping          |     1 |       |       |       ||     1
 Armour: Leather armour    |     5 |       |       |       ||     5
         Scale mail        |    44 |    59 |    32 |       ||   135
         Plate armour      |       |       |    47 |     7 ||    54
         Acid dragon scale |       |       |       |    40 ||    40
  Dodge: Dodged            |    54 |    65 |    41 |    73 ||   233
  Block: Other             |       |       |       |     2 ||     2
